 Dungeon Crawl Stone Soup version 0.23-a0-713-ge59bbb1 (webtiles) character file.

16639 silenth the Spear-Bearer (level 12, 0/87 HPs)
             Began as a Demonspawn Gladiator on Jan 15, 2019.
             Was a High Priest of Hepliaklqana.
             Hit by a large rock thrown by a stone giant (34 damage)
             ... in a volcano on Jan 16, 2019.
             The game lasted 00:47:05 (14323 turns).

silenth the Spear-Bearer (Demonspawn Gladiator)    Turns: 14323, Time: 00:47:06

Health: 0/87       AC: 12    Str: 20    XL:     12   Next: 11%
Magic:  17/17      EV: 13    Int:  9    God:    Hepliaklqana [*****.]
Gold:   184        SH:  5    Dex: 20    Spells: 8/11 levels left

rFire    + + .     SeeInvis .   a - +5 trident (freeze)
rCold    x . .     Gourm    .   w - +0 buckler
rNeg     . . .     Faith    .   D - +2 leather armour {MR+}
rPois    +         Spirit   .   c - +1 helmet
rElec    .         Reflect  .   H - +0 cloak
rCorr    .         Harm     .   S - +2 pair of gloves
MR       .....                  O - +0 pair of boots of the Maze {rPois rF+ MR-} (curse)
Stlth    ++++......             U - amulet of regeneration
HPRegen  0.64/turn              v - ring of stealth
MPRegen  0.15/turn              x - ring of fire

@: mighty
A: reduced essence, talons 2, powered by pain 1, sturdy frame 1
a: Recall Ancestor, Ancestor Identity, Transference, Idealise, Renounce Religion


You were in a volcano.
You worshipped Hepliaklqana.
Hepliaklqana was extremely pleased with you.
You were not hungry.

You visited 3 branches of the dungeon, and saw 15 of its levels.
You also visited: Volcano.

You collected 744 gold pieces.
You spent 560 gold pieces at shops.

Inventory:

Hand Weapons
 a - a +5 trident of freezing (weapon)
 b - a +0 blowgun
Missiles
 d - 2 throwing nets (quivered)
 C - 13 tomahawks
 J - 47 poisoned needles
Armour
 c - a +1 helmet (worn)
 w - a +0 buckler (worn)
 D - a +2 leather armour of magic resistance (worn)
 H - a +0 cloak (worn)
 O - the cursed +0 pair of boots of the Maze (worn) {rPois rF+ MR-}
   (You found it on level 9 of the Dungeon)

   It protects you from fire.
   It protects you from poison.
   It affects your resistance to hostile enchantments.
   It has a curse placed upon it.
 S - a +2 pair of gloves (worn)
Jewellery
 h - an uncursed ring of stealth
 k - an uncursed ring of poison resistance
 v - a ring of stealth (left hand)
 x - a ring of fire (right hand)
 U - an amulet of regeneration (around neck)
Wands
 n - a wand of acid (1)
 B - a wand of clouds (1)
 F - a wand of polymorph (3)
 K - a wand of flame (6)
 L - a wand of iceblast (1)
 P - a wand of paralysis (7)
 X - a wand of disintegration (15)
Scrolls
 i - a scroll of fog
 o - 3 scrolls of fear
 p - 3 scrolls of immolation
 r - 2 scrolls of remove curse
 s - 2 scrolls of blinking
 y - 2 scrolls of magic mapping
 I - 3 scrolls of teleportation
Potions
 f - a potion of berserk rage
 g - 2 potions of might
 j - 2 potions of cancellation
 l - a potion of invisibility
 m - 3 potions of flight
 u - 3 potions of curing
 z - a potion of lignification
 E - 2 potions of haste
 R - a potion of magic
 T - 2 potions of heal wounds {unknown}
Miscellaneous
 t - a sack of spiders
Comestibles
 e - 16 rations


   Skills:
 + Level 10.1 Fighting
   Level 6.0 Maces & Flails
 * Level 11.5 Polearms
 - Level 1.7 Throwing
 + Level 2.8 Dodging
 + Level 4.5 Stealth
 * Level 3.2 Shields
 + Level 6.9 Invocations
 - Level 6.0 Evocations


You had 8 spell levels left.
You knew the following spells:

 Your Spells              Type           Power        Failure   Level  Hunger
a - Regeneration          Chrm/Necr      #.........   80%         3    ####...

Your spell library contained the following spells:

 Spells                   Type           Power        Failure   Level  Hunger
 Animate Skeleton         Necr           N/A          41%         1    ##.....
 Apportation              Tloc           #.....       41%         1    ##.....
 Confusing Touch          Hex            #.....       41%         1    ##.....
 Corona                   Hex            #......      41%         1    ##.....
 Freeze                   Ice            #...         41%         1    ##.....
 Pain                     Necr           #...         41%         1    ##.....
 Shock                    Conj/Air       #...         41%         1    ##.....
 Summon Small Mammal      Summ           #...         41%         1    ##.....
 Ensorcelled Hibernation  Hex/Ice        #.....       56%         2    ###....
 Swiftness                Chrm/Air       #.......     56%         2    ###....
 Throw Frost              Conj/Ice       #.....       56%         2    ###....
 Confuse                  Hex            #.......     80%         3    ####...
 Dazzling Spray           Conj/Hex       #.....       80%         3    ####...
 Ozocubu's Armour         Chrm/Ice       #.......     80%         3    ####...
 Static Discharge         Conj/Air       #.......     80%         3    ####...
 Tukima's Dance           Hex            #.......     80%         3    ####...
 Vampiric Draining        Necr           #.........   80%         3    ####...
 Airstrike                Air            #.........   99%         4    #####..
 Animate Dead             Necr           N/A          99%         4    #####..
 Summon Ice Beast         Ice/Summ       #.......     99%         4    #####..
 Throw Icicle             Conj/Ice       #.......     99%         4    #####..
 Lightning Bolt           Conj/Air       #.........   100%        5    ######.


Dungeon Overview and Level Annotations

Branches:
Dungeon (11/15)            Temple (1/1) D:5            Lair (3/6) D:11
 Shoals (0/4) Lair:3          Orc (0/2) D:9
  Snake: Lair:2-4    Spider: Lair:2-4

Altars:
Ashenzari
Dithmenos
Elyvilon
Fedhas
Hepliaklqana
Kikubaaqudgha
Makhleb
Okawaru
Qazlal
Ru
Trog
Uskayaw
Wu Jian
Xom
Yredelemnul
Zin
The Shining One
Lugonu

Shops:
D:7 [*:?   D:11 %

Annotations:
Lair:2 exclusion: 2 oklob plants


Innate Abilities, Weirdness & Mutations

You have razor-sharp toenails.
You sometimes gain a little power by taking damage.
Your movements are slightly less encumbered by armour. (ER -2)
Your life essence is reduced to manifest your ancestor. (-10% HP)


Message History

The efreet is severely wounded.
The stone giant is engulfed in poison gas.
The stone giant is poisoned.
You puncture the efreet! You freeze the efreet.
You kill the efreet!
Training target 6.0 for Evocations reached!
Your Evocations skill increases to level 6!
Evoke which item? (* to show all) (? for menu, Esc to quit)
Okay, then.
Quiver which item? (- for none, * to show all) (? for menu, Esc to quit)
Quivering
d - 3 throwing nets for throwing.
Throwing (i - inventory. (/) - cycle)
d - 3 throwing nets (quivered)
Press: ? - help, Shift-Dir - straight line, f - stone giant
Aim: a stone giant (poison gas, lightly wounded, poisoned, immune to nets)
You throw a throwing net. The throwing net hits the stone giant.
The stone giant is too large for the net to hold!
The stone giant is lightly wounded.
The stone giant looks even sicker.
The stone giant throws a large rock.
The large rock hits you!!
You die...

≈≈≈≈≈≈..▒ +.§§..' ≈§§≈≈≈
§≈§≈§≈≈.▒ .8§8. ≈§§§ ≈≈§≈§≈..▒
§§○ ≈≈§ ≈§≈≈≈≈..▒▒▒ ▒☼▒ §≈
§§§≈§§≈.▒.. ▒○▒ ≈ .≈≈§§§§.▒ ▒E▒ °
≈..§§§§.▒ ▒C▒ ° ≈§§..≈..▒ ▒.▒ ≈
≈≈≈§≈§..▒ ▒@▒ °≈ ° ≈≈≈≈≈≈..▒ ▒.▒
°≈≈≈§§
≈§≈≈≈≈§.▒▒▒▒▒▒▒▒'▒▒▒▒▒▒▒▒.§≈°°§≈≈
≈§§≈≈≈.§..................§≈≈°§≈§
≈≈≈≈§≈≈≈≈.≈.≈≈.≈≈≈§.≈.≈≈.≈≈≈≈○§≈≈
≈§§≈≈≈≈≈≈≈≈≈≈≈≈≈≈≈§≈≈≈≈≈§≈≈§°○§≈§
≈§§§≈≈§≈≈≈≈≈≈≈≈≈≈≈§≈§≈≈≈§≈≈§≈○≈§≈
≈§≈§≈≈≈≈≈≈≈≈≈≈§≈≈≈§≈≈≈§≈≈≈§§≈§§≈§
≈≈≈≈≈≈≈≈≈≈≈.≈≈≈≈≈≈≈≈§≈≈≈≈≈≈≈≈≈...


You could see a stone giant and a fire elemental.

Vanquished Creatures
  Harold (D:7)
  A hydra (Lair:3)
  2 two-headed ogres (D:9)
  An ugly thing (D:9)
  Joseph (D:8)
  A molten gargoyle (Lair:3)
  A spiny frog (Lair:3)
  An efreet (Volcano)
  4 komodo dragons
  A wandering mushroom (Lair:2)
  A merfolk (D:11)
  3 hippogriffs
  12 yaks
  2 fire bats (Volcano)
  A fire elemental (Volcano)
  Eustachio (D:6)
  3 steam dragons
  Menkaure (D:6)
  4 water moccasins
  6 porcupines
  An acid dragon (D:9)
  3 ice beasts
  A sky beast (D:11)
  3 orc warriors
  5 black bears
  2 ogres
  A phantom (D:10)
  4 centaurs
  4 crocodiles
  A big kobold (D:10)
  7 bullfrogs
  An earth elemental (Volcano)
  A wyvern zombie (D:6)
  2 scorpions
  10 killer bees
  3 howler monkeys (D:10)
  4 crimson imps
  A bullfrog zombie (D:6)
  2 centaur zombies
  4 hounds
  2 jellies
  4 lava snakes (Volcano)
  4 orc priests
  An iguana (D:5)
  5 worker ants
  5 orc wizards
  A hound zombie (D:8)
  A hound skeleton (D:6)
  A worker ant zombie (D:11)
  4 gnolls
  A hexer (D:6)
  7 adders
  An adder zombie (D:6)
  3 worms
  5 dart slugs
  7 leopard geckos
  27 orcs
  6 bats
  6 giant cockroaches
  8 goblins
  5 hobgoblins
  3 jackals (D:9)
  7 kobolds
  4 quokkas
  5 frilled lizards
  8 rats
  A rat zombie (D:3)
240 creatures vanquished.

Vanquished Creatures (collateral kills)
  A spiny frog (Lair:2)
  A hippogriff (Lair:2)
  A yak (D:9)
  A hungry ghost (D:10)
  A water moccasin (Lair:1)
  A porcupine (Lair:1)
  A sky beast (D:9)
  A black bear (D:11)
  An ice beast (D:10)
  An ogre (D:6)
  A crocodile (Lair:2)
  2 bullfrogs
  A killer bee (D:8)
  A crimson imp (D:8)
  Crazy Yiuf (D:7)
  An orc priest (D:8)
  Terence (D:3)
  3 orc wizards
  An iguana (D:7)
  A worker ant (D:6)
  A hound skeleton (D:10)
  A worker ant zombie (D:5)
  A howler monkey skeleton (D:10)
  3 adders
  A shadow imp (D:5)
  An adder zombie (D:5)
  3 worms
  A dart slug (D:3)
  7 orcs
  A hobgoblin (D:3)
  4 jackals
  3 kobolds
  A rat (D:3)
  A rat zombie (D:3)
  A plant (Lair:2)
53 creatures vanquished.

Vanquished Creatures (others)
  11 hexers
  5 ancestors
  An orc (D:9)
  8 fungi (D:11)
  2 plants (Lair:2)
27 creatures vanquished.

Grand Total: 320 creatures vanquished

Notes
Turn   | Place    | Note
-------+----------+-------------------------------------------
     0 | D:1      | silenth the Demonspawn Gladiator began the quest for the
                  | Orb.
     0 | D:1      | Reached XP level 1. HP: 16/16 MP: 1/1
   103 | D:1      | Reached skill level 3 in Maces & Flails
   188 | D:1      | Gained mutation: You have sharp toenails. [demonic
                  | ancestry]
   188 | D:1      | Reached XP level 2. HP: 19/22 MP: 2/2
   939 | D:2      | Found a hazy altar of Hepliaklqana.
   942 | D:2      | Gained mutation: You sometimes gain a little power by
                  | taking damage. [demonic ancestry]
   942 | D:2      | Reached XP level 3. HP: 28/28 MP: 3/3
   980 | D:2      | Found a shattered altar of Ashenzari.
  1152 | D:2      | Found an ancient bone altar of Kikubaaqudgha.
  1253 | D:2      | Found a sacrificial altar of Ru.
  1309 | D:2      | Found an ornate altar of the Wu Jian Council.
  1407 | D:2      | Became a worshipper of Hepliaklqana the Forgotten
  1577 | D:3      | Noticed Terence
  1579 | D:3      | Killed Terence
  1579 | D:3      | Reached skill level 3 in Fighting
  1579 | D:3      | Reached skill level 4 in Maces & Flails
  1579 | D:3      | Reached XP level 4. HP: 31/31 MP: 4/4
  2149 | D:3      | Reached XP level 5. HP: 27/36 MP: 5/5
  2342 | D:3      | Reached skill level 5 in Maces & Flails
  2675 | D:3      | Found a basalt altar of Yredelemnul.
  2926 | D:3      | Reached XP level 6. HP: 38/43 MP: 6/6
  3044 | D:3      | Found a bloodstained altar of Trog.
  3044 | D:3      | Found a shadowy altar of Dithmenos.
  3211 | D:3      | Found an ancient bone altar of Kikubaaqudgha.
  3255 | D:4      | Reached skill level 4 in Fighting
  3255 | D:4      | Reached skill level 1 in Stealth
  3545 | D:4      | Reached * piety under Hepliaklqana
  3858 | D:4      | Reached XP level 7. HP: 37/49 MP: 7/7
  3958 | D:4      | Reached skill level 6 in Maces & Flails
  3958 | D:4      | Reached skill level 2 in Stealth
  4364 | D:5      | Entered Level 5 of the Dungeon
  4570 | D:5      | Reached skill level 1 in Polearms
  4673 | D:5      | Found a hide-covered altar of Uskayaw.
  4739 | D:5      | Found a staircase to the Ecumenical Temple.
  4750 | Temple   | Entered the Ecumenical Temple
  4808 | D:5      | Reached skill level 2 in Polearms
  4923 | D:5      | Reached skill level 5 in Fighting
  4983 | D:5      | Found a glowing silver altar of Zin.
  5022 | D:5      | Found an iron altar of Okawaru.
  5060 | D:5      | Reached skill level 3 in Stealth
  5228 | D:6      | Reached skill level 3 in Polearms
  5335 | D:6      | Reached ** piety under Hepliaklqana
  5336 | D:6      | Remembered your ancestor Eshargamelat as a hexer
  5339 | D:6      | Noticed Menkaure
  5358 | D:6      | Killed Menkaure
  5358 | D:6      | Reached skill level 1 in Evocations
  5358 | D:6      | Gained mutation: Your movements are slightly less
                  | encumbered by armour. (ER -2) [demonic ancestry]
  5358 | D:6      | Reached XP level 8. HP: 15/55 MP: 8/8
  5651 | D:6      | Reached skill level 4 in Polearms
  5814 | D:6      | Found a white marble altar of Elyvilon.
  5862 | D:6      | Reached skill level 2 in Evocations
  5902 | D:6      | Noticed Eustachio
  5916 | D:6      | Killed Eustachio
  5916 | D:6      | Reached skill level 6 in Fighting
  5916 | D:6      | Reached skill level 5 in Polearms
  6024 | D:6      | Reached skill level 3 in Evocations
  6454 | D:7      | Found Degeolie's Assorted Antiques.
  6568 | D:7      | Found Ugeepit's Antique Armour Boutique.
  6583 | D:7      | Gained mutation: You have razor-sharp toenails. [demonic
                  | ancestry]
  6583 | D:7      | Reached XP level 9. HP: 63/63 MP: 11/11
  6607 | D:7      | Noticed Harold
  6622 | D:7      | Killed Harold
  6622 | D:7      | Reached skill level 7 in Fighting
  6622 | D:7      | Reached skill level 6 in Polearms
  6622 | D:7      | Reached skill level 4 in Evocations
  6721 | D:7      | Found a burning altar of Makhleb.
  6733 | D:7      | Found Seeh's Book Shop.
  6792 | D:7      | Found a runed door.
  6796 | D:7      | Noticed Crazy Yiuf
  6804 | D:7      | Killed Crazy Yiuf
  7064 | D:7      | Found Ykenop's Magic Scroll Emporium.
  7066 | D:7      | Bought a scroll of blinking for 90 gold pieces
  7136 | D:7      | Bought a scroll labeled DOIRYA EBICI for 25 gold pieces
  7136 | D:7      | Bought a scroll labeled ZEAT GUMNAYSA for 25 gold pieces
  7156 | D:8      | Noticed Joseph
  7169 | D:8      | Killed Joseph
  7169 | D:8      | Reached skill level 7 in Polearms
  7355 | D:8      | Reached skill level 8 in Polearms
  7482 | D:8      | Reached *** piety under Hepliaklqana
  7569 | D:8      | Found a blossoming altar of Fedhas.
  7728 | D:9      | Noticed a two-headed ogre
  7786 | D:9      | Killed a two-headed ogre
  7786 | D:9      | Reached skill level 8 in Fighting
  7786 | D:9      | Reached XP level 10. HP: 72/72 MP: 13/13
  7828 | D:9      | Noticed a cyan ugly thing
  7850 | D:9      | Killed a cyan ugly thing
  7947 | D:9      | Reached skill level 9 in Polearms
  8182 | D:9      | Found a hide-covered altar of Uskayaw.
  8194 | D:9      | Noticed a two-headed ogre
  8210 | D:9      | Killed a two-headed ogre
  8210 | D:9      | Reached skill level 2 in Invocations
  8364 | D:9      | Reached skill level 9 in Fighting
  8405 | D:9      | Reached skill level 10 in Polearms
  8412 | D:9      | Reached skill level 3 in Invocations
  8479 | D:9      | Found a staircase to the Orcish Mines.
  8483 | D:9      | Got a pair of bloodstained boots
  8489 | D:9      | Identified the cursed +0 pair of boots of the Maze {rPois
                  | rF+ MR-} (You found it on level 9 of the Dungeon)
  8831 | D:10     | Entered Level 10 of the Dungeon
  9434 | D:10     | Reached skill level 4 in Invocations
  9442 | D:10     | Reached XP level 11. HP: 51/80 MP: 14/14
  9728 | D:10     | Reached **** piety under Hepliaklqana
 10054 | D:10     | Reached skill level 5 in Invocations
 10246 | D:11     | Learned a level 3 spell: Regeneration
 10293 | D:11     | Found a staircase to the Lair.
 10331 | D:11     | Reached skill level 5 in Evocations
 10746 | D:11     | Reached skill level 11 in Polearms
 10942 | D:11     | Found Ejuhey Maer's Food Emporium.
 11394 | Lair:1   | Entered Level 1 of the Lair of Beasts
 11504 | D:7      | Bought a book of Cantrips for 280 gold pieces
 11531 | D:7      | Bought a scroll of identify for 50 gold pieces
 11595 | D:7      | Bought a scroll of enchant weapon for 90 gold pieces
 12756 | Lair:2   | Reached skill level 6 in Invocations
 12839 | Lair:2   | Reached skill level 1 in Shields
 12844 | Lair:2   | Got a fine flail
 12856 | Lair:2   | Identified the +4 flail of Midsummer {venom, +Blink rF+}
                  | (You found it on level 2 of the Lair of Beasts)
 12880 | Lair:2   | Noticed an oklob plant
 12904 | Lair:2   | HP: 6/81 [acid (17)]
 13106 | Lair:2   | Reached skill level 4 in Stealth
 13167 | Lair:2   | Reached skill level 10 in Fighting
 13223 | Lair:2   | Reached skill level 2 in Shields
 13413 | Lair:2   | Reached ***** piety under Hepliaklqana
 13562 | Lair:2   | an oklob plant changed into a wandering mushroom
 13620 | Lair:2   | Noticed an oklob plant
 13620 | Lair:2   | Noticed an oklob plant
 13621 | Lair:2   | Noticed an oklob plant
 13624 | Lair:2   | Noticed a shambling mangrove
 13624 | Lair:2   | an oklob plant changed into a shambling mangrove
 13748 | Lair:3   | Noticed a four-headed hydra
 13758 | Lair:3   | Killed a four-headed hydra
 13818 | Lair:3   | Found a dark tunnel.
 13824 | Lair:3   | Reached XP level 12. HP: 81/87 MP: 17/17
 13843 | Lair:3   | Reached skill level 3 in Shields
 13888 | Volcano  | Entered a volcano
 14289 | Volcano  | Found a bloodstained altar of Trog.
 14312 | Volcano  | Noticed a stone giant
 14319 | Volcano  | Reached skill level 6 in Evocations
 14323 | Volcano  | Hit by a large rock thrown by a stone giant

Vault maps used:
D:1:      dpeg_arrival_ternary
D:2:      lemuel_coloured_pillars_altar, nicolae_ashenzari_panopticon,
          lemuel_crystal_altar, old_standard_altar, lemuel_tele_altar
D:3:      lemuel_zombie_altar_kikubaaqudgha, yredelemnul_altar_generic,
          amethyst_overflow_temple_binary, first_ration, uniq_terence
D:5:      eat_drink_and_be_merry_uskayaw, zin_scriptorium,
          okawaru_ov_weapons_minmay, minmay_temple_entry_tees,
          minmay_misc_feat_diagonals
D:6:      kennysheep_little_box, uniq_eustachio, uniq_menkaure
D:7:      lemuel_crystal_altar, serial_shops, shop_statue, shop, shop,
          nicolae_shop_stone, uniq_harold, uniq_crazy_yiuf_cottage
D:8:      marbit_many_paths, uniq_joseph
D:9:      david_orc_4, basic_altar
D:10:     kennysheep_generic_room_4
D:11:     due_lair_maze_entry_diamond, serial_shops, shop, hangedman_fish_farm
Temple:   corrupted_temple
Lair:2:   minmay_lair_oklob_tunnel, infiniplex_staircase_pool_2
Lair:3:   elwin_shoals_entry_rooms, nicolae_volcano_entry_lava_flow,
          nzn_random_ring, grunt_megastairs_2
Volcano:  volcano_lake

Skill      XL: |  1  2  3  4  5  6  7  8  9 10 11 12 |
---------------+-------------------------------------+-----
Maces & Flails | 3 4 5 6 |  6.0
Fighting       | 3 4 5 6 8 9 10 | 10.1
Stealth        | 1 3 4 |  4.5
Polearms       | 3 5 8 10 11 | 11.5
Evocations     | 1 3 4 5 6 |  6.0
Invocations    | 4 6 |  6.9
Shields        | 2 3 |  3.2
Throwing       | |  1.7
Dodging        | |  2.8

Action                   |  1- 3 |  4- 6 |  7- 9 | 10-12 || total
-------------------------+-------+-------+-------+-------++-------
Melee: Flail             |   104 |   141 |     9 |       ||   254
       Kick              |    20 |    25 |    17 |    24 ||    86
       Trident           |       |       |   267 |   506 ||   773
 Fire: Blowgun           |       |       |       |     2 ||     2
Throw: Throwing net      |       |       |     6 |     1 ||     7
       Tomahawk          |       |       |     3 |     1 ||     4
Invok: Ancestor Life: He |       |       |     1 |       ||     1
       Transference      |       |       |       |     1 ||     1
Evoke: Wand              |     2 |     1 |     1 |    11 ||    15
       Sack of spiders   |       |       |       |     1 ||     1
  Use: Scroll            |       |     7 |     4 |    19 ||    30
       Potion            |       |       |     1 |     1 ||     2
 Stab: Distracted        |       |     3 |     2 |    12 ||    17
       Sleeping          |       |     3 |    23 |    20 ||    46
       Confused          |       |       |     1 |     5 ||     6
       Held in net/web   |       |       |     7 |       ||     7
       Invisible         |       |       |     6 |       ||     6
  Eat: Chunk             |     2 |     5 |     9 |    12 ||    28
       Ration            |       |     1 |     1 |     3 ||     5
Armor: Leather armour    |    18 |       |    28 |    76 ||   122
       Ring mail         |    19 |    59 |    48 |       ||   126
Dodge: Dodged            |    71 |   102 |   122 |   158 ||   453
Block: Buckler           |       |       |       |     9 ||     9

Table legend:
 A = Non-vault XP
 B = Vault XP
 C = Vault XP percentage of total XP
 D = Non-vault monster count
 E = Vault monster count
 F = Vault count percentage of total count
                 A         B        C        D         E       F
            +---------+---------+-------+---------+---------+-------
      Total |   17563 |    6208 |  26.1 |     243 |      49 |  16.8
            +---------+---------+-------+---------+---------+-------
        D:1 |      37 |       0 |   0.0 |      17 |       0 |   0.0
        D:2 |      69 |       0 |   0.0 |      24 |       0 |   0.0
        D:3 |     260 |      38 |  12.8 |      35 |       3 |   7.9
        D:4 |     384 |       0 |   0.0 |      15 |       0 |   0.0
        D:5 |     477 |       0 |   0.0 |      16 |       0 |   0.0
        D:6 |    1054 |     368 |  25.9 |      26 |       2 |   7.1
        D:7 |     367 |    1059 |  74.3 |       9 |       2 |  18.2
        D:8 |     612 |     582 |  48.7 |      13 |       2 |  13.3
        D:9 |    3481 |     806 |  18.8 |      16 |      16 |  50.0
       D:10 |    3469 |     116 |   3.2 |      34 |       1 |   2.9
       D:11 |    1192 |    1581 |  57.0 |      13 |      12 |  48.0
     Lair:1 |     738 |       0 |   0.0 |       4 |       0 |   0.0
     Lair:2 |    3146 |     416 |  11.7 |      15 |       2 |  11.8
     Lair:3 |    2277 |       0 |   0.0 |       6 |       0 |   0.0
    Volcano |       0 |    1242 | 100.0 |       0 |       9 | 100.0
            +---------+---------+-------+---------+---------+-------
